 Dungeon Crawl Stone Soup version 0.18.1-48-g4cf74bf (webtiles) character file.

10931 atgrul the Nimble (level 11, -1/54 HPs)
             Began as a Spriggan Venom Mage on July 16, 2016.
             Was a Priest of Vehumet.
             Slain by a troll (17 damage)
             ... on level 11 of the Dungeon.
             The game lasted 01:45:02 (22810 turns).

atgrul the Nimble (Spriggan Venom Mage)            Turns: 22810, Time: 01:45:03

Health: -1/54      AC:  3    Str:  7    XL:     11   Next: 42%
Magic:  6/22       EV: 29    Int: 24    God:    Vehumet [***...]
Gold:   453        SH:  0    Dex: 17    Spells: 5 memorised, 7 levels left

rFire  . . .     SeeInvis +     H - +3 rapier of Descent {pierce, Int+7}
rCold  . . .     Gourm    .     a - +1 robe
rNeg   + . .     Faith    .     (shield restricted)
rPois  .         Spirit   .     (helmet restricted)
rElec  .         Dismiss  .     (no cloak)
rCorr  .         Reflect  .     (gloves unavailable)
SustAt .         Harm     .     (boots unavailable)
MR     +....                    (no amulet)
Stlth  +++.......               (no ring)
                                l - ring of positive energy

@: about to teleport, very quick, somewhat resistant to hostile enchantments,
fairly stealthy
A: unfitting armour, see invisible, herbivore 3, speed 3, slow metabolism 2
a: Renounce Religion


You were on level 11 of the Dungeon.
You worshipped Vehumet.
Vehumet was most pleased with you.
You were not hungry.

You visited 3 branches of the dungeon, and saw 13 of its levels.

You collected 453 gold pieces.

Inventory:

Hand Weapons
 h - a +0 short sword
 o - a +1 short sword of electrocution
 H - the +3 rapier of Descent (weapon) {pierce, Int+7}
   (You found it on level 6 of the Dungeon)

   It inflicts extra damage upon your enemies.
   It affects your intelligence (+7).
 O - a +1 quarterstaff of draining
Armour
 a - a +1 robe (worn)
Jewellery
 l - a ring of positive energy (left hand)
Wands
 s - a wand of teleportation (0/9)
 v - a wand of flame (0/48)
 y - a wand of disintegration (10/24)
 A - a wand of polymorph (2/24)
 E - a wand of lightning (0/15)
 K - a wand of flame (0/48)
Scrolls
 d - 2 scrolls of teleportation
 f - 2 scrolls of remove curse
 g - 2 scrolls of amnesia
 i - a scroll of enchant weapon
 j - 3 scrolls of magic mapping
 r - 2 scrolls of identify
 u - a scroll of fear
 z - a scroll of brand weapon {unknown}
Potions
 k - a potion of agility {unknown}
 m - 2 potions of flight
 x - a potion of haste
 C - a potion of cancellation {unknown}
 I - a potion of magic
 M - 2 potions of curing {unknown}
 N - a potion of brilliance {unknown}
 P - 2 potions of berserk rage {unknown}
 T - a potion of lignification {unknown}
Books
 b - a Young Poisoner's Handbook

   Spells                             Type                      Level
   a - Sting                          Conjuration/Poison           1
   b - Cure Poison                    Poison                       2
   c - Mephitic Cloud                 Conjuration/Poison/Air       3
   d - Olgreb's Toxic Radiance        Poison                       4
   e - Venom Bolt                     Conjuration/Poison           5
 e - a book of Transfigurations

   Spells                             Type                      Level
   a - Irradiate                      Conjuration/Transmutation    5
   b - Statue Form                    Transmutation/Earth          6
   c - Hydra Form                     Transmutation                6
   d - Dragon Form                    Transmutation                7
 q - a book of Battle

   Spells                             Type                      Level
   a - Infusion                       Charms                       1
   b - Shroud of Golubria             Charms/Translocation         2
   c - Song of Slaying                Charms                       2
   d - Spectral Weapon                Hexes/Charms                 3
   e - Regeneration                   Charms/Necromancy            3
 w - a book of Fire

   Spells                             Type                      Level
   a - Ignite Poison                  Fire/Transmutation/Poison    3
   b - Fireball                       Conjuration/Fire             5
   c - Bolt of Fire                   Conjuration/Fire             6
   d - Delayed Fireball               Conjuration/Fire             7
   e - Ring of Flames                 Charms/Fire                  7
Miscellaneous
 B - a plain deck of defence {drawn: 2}
Comestibles
 c - 3 bread rations
 n - 3 beef jerkies
 p - 3 meat rations
 t - 2 fruits


   Skills:
 * Level 4.8 Fighting
 + Level 13.0 Dodging
 - Level 3.1 Stealth
 - Level 6.9 Spellcasting
 - Level 7.3 Conjurations
 * Level 1.7 Fire Magic
 - Level 0.5 Air Magic
 - Level 10.0 Poison Magic
 - Level 0.3 Evocations


You had 7 spell levels left.
You knew the following spells:

 Your Spells              Type           Power        Failure   Level  Hunger
a - Sting                 Conj/Pois      ####         1%          1    None
b - Mephitic Cloud        Conj/Pois/Air  #####...     1%          3    None
c - Venom Bolt            Conj/Pois      ######....   2%          5    #####..
d - Throw Flame           Conj/Fire      ####..       1%          2    None
e - Fireball              Conj/Fire      ####......   10%         5    #####..


Dungeon Overview and Level Annotations

Branches:
Dungeon (11/15)            Temple (1/1) D:6            Lair (1/8) D:9
    Orc (0/2) D:11

Altars:
Cheibriados
Dithmenos
Elyvilon
Fedhas
Gozag
Kikubaaqudgha
Makhleb
Nemelex Xobeh
Qazlal
Ru
Sif Muna
Trog
Vehumet
Xom
Zin

Annotations:
D:6 Grinder
D:7 Joseph
D:8 Erolcha, Sigmund


Innate Abilities, Weirdness & Mutations

You are tiny and cannot use many weapons and most armour.
You have supernaturally acute eyesight.
You are a herbivore.
You cover ground extremely quickly.
You need consume almost no food.


Message History

Your surroundings suddenly seem different.
An orc wizard comes into view. It is wielding a dagger.
The orc wizard shouts!
An orc wizard comes into view. It is wielding a dagger.
The orc wizard shouts! x2
A warg comes into view.
The warg howls!
You hear a shout!
The orc wizard casts a spell.
The orc wizard blinks!
You hear a shout!
A troll comes into view.
Zapping:
s - a wand of teleportation (will waste charges)
Press: ? - help, Shift-Dir - straight line, f - you You feel strangely unstable.
Evoking this partially-identified wand wasted a few charges.
The warg completely misses you. The orc wizard completely misses you.
The warg closely misses you.
An orc priest comes into view.
The troll bites you!
You die...

....≈≈ .P≈≈
.......≈ . ≈≈≈
≈≈≈≈≈≈≈≈ ..
###### ######≈≈
..≈#....#
#....#≈≈
..≈#....#
....#≈≈
..≈#....#
.>o#≈≈
#..o.##########
...#≈.
#ooo.@T......
.###≈.
#h######K'###
#..≈≈ #. o..
#..≈≈ #. .
#..≈. #. #
#..≈. #.
##.#.... #.
...###≈. ..
#O...#≈.
#...o#≈.


You could see a troll, a warg, a big kobold (wandering), 2 orc priests and 3 orc
wizards.

Vanquished Creatures
  A hydra (Lair:1)
  Sonja (D:10)
  A hill giant (D:10)
  A manticore (D:11)
  A spiny frog (D:8)
  A troll (D:11)
  A two-headed ogre (D:7)
  Prince Ribbit (D:7)
  A blink frog (D:9)
  7 yaks
  A hog (D:11)
  Eustachio (D:6)
  A hungry ghost (D:7)
  Menkaure (D:6)
  A mottled dragon (D:11)
  A porcupine (Lair:1)
  4 ice beasts
  6 orc warriors
  7 ogres
  4 sky beasts
  2 necrophages
  4 centaurs
  A crocodile (Lair:1)
  2 big kobolds
  7 giant frogs
  A gnoll sergeant (D:5)
  A water moccasin zombie (D:9)
  4 scorpions
  5 killer bees (Lair:1)
  8 wights
  4 electric eels (D:11)
  2 howler monkeys
  3 jellies
  5 crimson imps
  2 quasits
  A giant frog zombie (D:9)
  A hound (D:10)
  2 centaur skeletons
  A gnoll shaman (D:9)
  5 orc priests
  A giant frog skeleton (D:7)
  An iguana (D:4)
  9 orc wizards
  9 worker ants
  5 sheep
  A hound skeleton (D:5)
  4 worker ant zombies
  A howler monkey zombie (D:5)
  9 gnolls
  10 adders
  2 shadow imps
  An ooze (D:2)
  An adder skeleton (D:8)
  An adder zombie (D:8)
  A worm (D:3)
  3 dart slugs
  6 giant geckos
  30 orcs
  4 ball pythons
  6 giant cockroaches
  9 goblins
  4 hobgoblins
  5 jackals
  23 kobolds
  5 quokkas
  10 bats
  A giant gecko zombie (D:6)
  7 giant newts
  A jackal skeleton (D:8)
  12 rats
286 creatures vanquished.

Vanquished Creatures (others)
  A fungus (Lair:1)
1 creature vanquished.

Grand Total: 287 creatures vanquished

Notes
Turn   | Place    | Note
--------------------------------------------------------------
     0 | D:1      | atgrul the Spriggan Venom Mage began the quest for the Orb.
     0 | D:1      | Reached XP level 1. HP: 9/9 MP: 5/5
   190 | D:1      | Reached XP level 2. HP: 13/13 MP: 3/6
   929 | D:2      | Reached XP level 3. HP: 16/16 MP: 2/8
  1069 | D:2      | Found an opulent altar of Gozag.
  1109 | D:2      | Reached skill level 5 in Poison Magic
  1683 | D:2      | Noticed a scorpion
  1727 | D:2      | Killed a scorpion
  1727 | D:2      | Reached XP level 4. HP: 21/21 MP: 2/9
  1914 | D:2      | Learned a level 3 spell: Mephitic Cloud
  2158 | D:3      | Reached XP level 5. HP: 24/24 MP: 8/10
  2350 | D:3      | Found a blossoming altar of Fedhas.
  2427 | D:3      | Reached skill level 4 in Dodging
  3186 | D:4      | Noticed an ogre
  3261 | D:4      | Reached XP level 6. HP: 18/28 MP: 4/11
  4129 | D:4      | Noticed a sky beast
  4205 | D:4      | Reached skill level 5 in Dodging
  4345 | D:4      | Found a deep blue altar of Sif Muna.
  4583 | D:4      | Reached skill level 1 in Conjurations
  4583 | D:4      | Reached XP level 7. HP: 32/32 MP: 4/12
  5634 | D:5      | Entered Level 5 of the Dungeon
  5763 | D:5      | Found an ancient bone altar of Kikubaaqudgha.
  7031 | D:6      | Reached XP level 8. HP: 28/36 MP: 5/13
  7098 | D:6      | Found a staircase to the Ecumenical Temple.
  7143 | Temple   | Entered the Ecumenical Temple
  7151 | Temple   | Became a worshipper of Vehumet
  7178 | D:6      | Noticed Eustachio
  7395 | D:6      | Reached skill level 6 in Dodging
  7402 | D:6      | Noticed Grinder
  7413 | D:6      | Killed Eustachio
  7792 | D:6      | Paralysed by Grinder for 5 turns
  8057 | D:6      | Noticed Menkaure
  8078 | D:6      | Killed Menkaure
  8089 | D:6      | Got a brightly glowing rapier
  8090 | D:6      | Identified the +3 rapier of Descent {pierce, Int+7} (You found it on level 6 of the Dungeon)
  8154 | D:6      | Found a shadowy altar of Dithmenos.
  8738 | D:6      | Learned a level 5 spell: Venom Bolt
  8802 | D:6      | Reached skill level 7 in Dodging
  9498 | D:6      | Found a sparkling altar of Nemelex Xobeh.
  9764 | D:7      | Noticed Joseph
 10048 | D:7      | Reached skill level 8 in Dodging
 10048 | D:7      | Reached skill level 10 in Poison Magic
 10066 | D:7      | Reached * piety under Vehumet
 10066 | D:7      | Offered knowledge of Freeze by Vehumet.
 10066 | D:7      | Reached XP level 9. HP: 28/39 MP: 9/14
 11100 | D:7      | Reached skill level 1 in Fighting
 11169 | D:7      | Noticed Prince Ribbit
 11195 | D:7      | Killed Prince Ribbit
 11195 | D:7      | Reached skill level 9 in Dodging
 11204 | D:7      | Reached skill level 5 in Conjurations
 12610 | D:7      | Found a burning altar of Makhleb.
 13026 | D:8      | You fall through a shaft!
 13185 | D:9      | Found a staircase to the Lair.
 13198 | D:9      | Noticed a spiny frog
 13985 | D:9      | Reached skill level 10 in Dodging
 14510 | D:8      | Reached XP level 10. HP: 41/45 MP: 9/15
 14866 | D:9      | Found a bloodstained altar of Trog.
 14871 | D:9      | Found a glowing silver altar of Zin.
 15777 | D:9      | Offered knowledge of Throw Frost by Vehumet.
 17307 | D:8      | Noticed Sigmund
 17374 | D:8      | Found a sparkling altar of Nemelex Xobeh.
 17446 | D:8      | Noticed Erolcha
 17512 | D:8      | Killed a spiny frog
 18357 | Lair:1   | Entered Level 1 of the Lair of Beasts
 18467 | Lair:1   | Reached ** piety under Vehumet
 18564 | Lair:1   | Noticed a four-headed hydra
 18802 | Lair:1   | Killed a four-headed hydra
 18802 | Lair:1   | Reached skill level 11 in Dodging
 19108 | Lair:1   | Noticed a six-headed hydra
 19260 | Lair:1   | Noticed a spiny frog
 19838 | D:10     | Entered Level 10 of the Dungeon
 20048 | D:10     | Noticed a hill giant
 20059 | D:10     | Killed a hill giant
 20195 | D:10     | Reached skill level 12 in Dodging
 20246 | D:10     | Reached skill level 5 in Spellcasting
 20246 | D:10     | Reached XP level 11. HP: 39/53 MP: 9/19
 20570 | D:10     | Noticed Sonja
 20585 | D:10     | Killed Sonja
 20585 | D:10     | Offered knowledge of Throw Flame by Vehumet.
 20589 | D:10     | Learned a level 2 spell: Throw Flame
 20958 | D:10     | Reached *** piety under Vehumet
 20975 | D:10     | Found a burning altar of Makhleb.
 21876 | D:11     | Learned a level 5 spell: Fireball
 22038 | D:11     | Reached skill level 1 in Fire Magic
 22077 | D:11     | Offered knowledge of Stone Arrow by Vehumet.
 22206 | D:11     | Noticed a red ugly thing
 22338 | D:11     | Found a shimmering altar of Xom.
 22400 | D:11     | Found a staircase to the Orcish Mines.
 22787 | D:11     | Reached skill level 13 in Dodging
 22810 | D:11     | Slain by a troll

Skill      XL: |  1  2  3  4  5  6  7  8  9 10 11 |
---------------+----------------------------------+-----
Poison Magic   | 5 6 7 8 10 | 10.0
Dodging        | 4 5 8 10 12 13 | 13.0
Conjurations   | 1 2 3 6 7 |  7.3
Fighting       | 2 4 |  4.8
Spellcasting   | 5 6 |  6.9
Fire Magic     | 1 |  1.7
Stealth        | |  3.1
Air Magic      | |  0.5
Evocations     | |  0.3

Action                   |  1- 3 |  4- 6 |  7- 9 | 10-12 || total
-------------------------+-------+-------+-------+-------++-------
Melee: Unarmed           |     4 |       |       |       ||     4
       Short sword       |    24 |    44 |    47 |       ||   115
       Rapier            |       |       |   173 |   258 ||   431
 Cast: Sting             |    61 |   137 |   305 |   255 ||   758
       Mephitic Cloud    |       |       |     4 |     1 ||     5
       Venom Bolt        |       |       |     6 |    42 ||    48
       Throw Flame       |       |       |       |    18 ||    18
       Fireball          |       |       |       |     7 ||     7
Evoke: Wand              |       |       |    14 |    18 ||    32
       Deck              |       |       |     1 |     1 ||     2
  Use: Scroll            |       |     5 |     7 |    12 ||    24
       Potion            |       |     1 |     1 |     3 ||     5
 Stab: Sleeping          |     4 |       |     4 |     1 ||     9
  Eat: Bread ration      |       |     1 |     2 |     4 ||     7
       Fruit             |       |       |     2 |     1 ||     3
       Pizza             |       |       |     1 |     1 ||     2
Armor: Robe              |     3 |     8 |    11 |    12 ||    34
Dodge: Dodged            |    21 |    54 |   339 |   351 ||   765
